 Dungeon Crawl Stone Soup version 0.25.1-2-g60ff931df9 (webtiles) character file.

Game seed: 11838861264621153717

40509 Asdor the Spear-Bearer (level 13, 0/104 HPs)
             Began as a Demonspawn Abyssal Knight on Oct 20, 2020.
             Was a High Priest of Lugonu.
             Slain by a spatial maelstrom (23 damage)
             ... on level 2 of the Abyss.
             The game lasted 01:13:17 (29481 turns).

Asdor the Spear-Bearer (Demonspawn Abyssal Knight) Turns: 29481, Time: 01:13:17

Health: 0/104      AC: 30    Str: 17    XL:     13   Next: 75%
Magic:  0/33       EV: 11    Int: 13    God:    Lugonu [*****.]
Gold:   1435       SH:  0    Dex: 14    Spells: 12/12 levels left

rFire    . . .     SeeInvis .   p - +2 scythe (protect)
rCold    . . .     Gourm    .   (shield currently unavailable)
rNeg     + . .     Faith    .   h - +8 plate armour of Hyettof {*Drain rPois rN+}
rPois    +         Spirit   +   W - +0 hat {MR+}
rElec    .         Reflect  .   L - scarf {harm}
rCorr    .         Harm     +   C - +2 pair of gloves
MR       +....                  (no boots)
Stlth    ..........             g - amulet of guardian spirit
HPRegen  0.27/turn              F - ring of magical power
MPRegen  0.23/turn              i - +4 ring of protection

@: about to teleport
A: hooves 1, repulsion field 1, demonic guardian 2, high mp 1, shaggy fur 1
a: Depart the Abyss, Bend Space, Banish, Corrupt, Enter the Abyss, Renounce
Religion


You were on level 2 of the Abyss.
You worshipped Lugonu.
Lugonu was extremely pleased with you.
You were not hungry.

You visited 3 branches of the dungeon, and saw 21 of its levels.
You visited the Abyss 2 times.
You also visited: Sewer.

You collected 1435 gold pieces.

Inventory:

Hand Weapons
 p - a +2 scythe of protection (weapon)
Missiles
 y - 2 throwing nets (quivered)
 Y - 5 javelins
Armour
 h - the +8 plate armour of Hyettof (worn) {*Drain rPois rN+}
   (You found it on level 7 of the Dungeon)

   It protects you from poison.
   It protects you from negative energy.
   It causes draining when unequipped.
 C - a +2 pair of gloves (worn)
 L - a scarf of harm (worn)
 W - a +0 hat of magic resistance (worn)
Magical Staves
 x - an uncursed staff of wizardry
Jewellery
 g - an amulet of guardian spirit (around neck)
 i - a +4 ring of protection (right hand)
 F - a ring of magical power (left hand)
 G - a +6 ring of intelligence
 O - an uncursed ring of resist corrosion
 P - an uncursed amulet of magic regeneration
 R - the ring of Qelau {+Inv rC++ rN+ Slay-3 SInv}
   (You found it on level 10 of the Dungeon)

   [ring of see invisible]

   It affects your accuracy and damage with ranged weapons and melee attacks
   (-3).
   It greatly protects you from cold.
   It protects you from negative energy.
   It lets you see invisible.
   It lets you turn invisible.
Wands
 a - a wand of digging (5)
 f - a wand of random effects (12)
 n - a wand of flame (17)
 z - a wand of clouds (4)
 D - a wand of iceblast (7)
 J - a wand of acid (15)
 M - a wand of paralysis (17)
 N - a wand of enslavement (8)
Scrolls
 d - 2 scrolls of amnesia
 k - 6 scrolls of remove curse
 l - 3 scrolls of blinking
 v - 5 scrolls of fear
 w - 9 scrolls of teleportation
 B - 2 scrolls of fog
 E - 2 scrolls of vulnerability
 Q - 2 scrolls of enchant weapon
 T - 5 scrolls of magic mapping
 U - 4 scrolls of enchant armour
 V - 2 scrolls of silence
Potions
 e - 9 potions of brilliance
 m - 2 potions of lignification
 o - 5 potions of flight
 r - 6 potions of stabbing
 s - 3 potions of resistance
 t - 3 potions of invisibility
 u - 3 potions of might
 A - 6 potions of curing
 H - 5 potions of haste
 K - a potion of ambrosia
 S - a potion of mutation
Miscellaneous
 b - a phial of floods
 j - a tin of tremorstones (3/3)
 Z - a lightning rod (4/4)
Comestibles
 c - 22 rations


   Skills:
 + Level 10.3 Fighting
 + Level 12.9 Polearms
 + Level 9.3 Armour
 + Level 9.1 Dodging
 - Level 0.2 Stealth
 + Level 12.7 Invocations


You had 12 spell levels left.
You didn't know any spells.
Your spell library contained the following spells:

 Spells                   Type           Power        Failure   Level  Hunger
 Beastly Appendage        Tmut           #.....       100%        1    ##.....
 Magic Dart               Conj           #...         100%        1    ##.....
 Shock                    Conj/Air       #...         100%        1    ##.....
 Blink                    Tloc           N/A          100%        2    ###....
 Call Imp                 Summ           #.......     100%        2    ###....
 Slow                     Hex            #.......     100%        2    ###....
 Sticks to Snakes         Tmut           #.......     100%        2    ###....
 Swiftness                Chrm/Air       #.......     100%        2    ###....
 Conjure Flame            Conj/Fire      #.......     100%        3    ####...
 Mephitic Cloud           Conj/Pois/Air  #.......     100%        3    ####...
 Spider Form              Tmut/Pois      #.........   100%        3    ####...
 Static Discharge         Conj/Air       #.......     100%        3    ####...
 Airstrike                Air            #.........   100%        4    #####..
 Ice Form                 Ice/Tmut       #.......     100%        4    #####..
 Blade Hands              Tmut           #.........   100%        5    ######.
 Lightning Bolt           Conj/Air       #.........   100%        5    ######.


Dungeon Overview and Level Annotations

Branches:
Dungeon (14/15)            Temple (0/1) D:6            Lair (6/6) D:9
 Shoals (0/4) Lair:2       Spider (0/4) Lair:4        Slime (0/5) Lair:6
    Orc (1/2) D:11          Sewer (visited)
 Vaults: D:13-14

Altars:
Ashenzari
Cheibriados
Fedhas
Gozag
Ru
Trog
Wu Jian
Xom
Yredelemnul
The Shining One
Lugonu

Annotations:
D:7 2 transporters
D:8 5 transporters
D:12 1 runed translucent door
Lair:6 2 runed translucent doors, Rupert
Orc:1 Sonja


Innate Abilities, Weirdness & Mutations

You have large cloven feet.
You are surrounded by a mild repulsion field. (EV +2)
A demonic guardian rushes to your aid.
You have an increased reservoir of magic. (+10% MP)
You are covered in fur. (AC +1)


Message History

What are your orders? t - Shout!
Orders for allies: a - Attack new target. p - Attack previous target. r - Retreat! s - Stop attacking. g - Guard the area. f - Follow me.
Anything else - Cancel.
Gang up on whom?
Press: ? - help, Dir - move target cursor, f/p - spatial maelstrom
Aim: a spatial maelstrom (moderately damaged) Attack!
The spatial maelstrom barely misses you.
The spatial maelstrom hits you!
* * * LOW HITPOINT WARNING * * *
Space warps horribly around you!
* * * LOW HITPOINT WARNING * * *
Your soul eater hits the spatial maelstrom.
You feel much better. The spatial maelstrom hits you.
* * * LOW HITPOINT WARNING * * *
Space warps horribly around you!!
You die...

### ## #@##.
.# #v#.. ## #
. #.3#...#
#v.#§§# .
#.#.# # ## .
# .§###
#...#.. #.
#§§# §.$# .#
## #§§#§ #.
...
#.#§.§...§...


You could see a spatial maelstrom, a spatial vortex and a friendly soul eater
(summoned).

Vanquished Creatures
  A hydra (Lair:3)
  A fire crab (Lair:6)
  2 ugly things
  A worldbinder (Abyss:2)
  3 black mambas (Lair:6)
  6 spiny frogs
  6 komodo dragons
  2 rime drakes (Lair:4)
  2 polar bears
  A jumping spider (Lair:4)
  2 trolls
  Prince Ribbit (D:9)
  A blink frog (shapeshifter) (D:13)
  A blink frog (Lair:4)
  2 dream sheep (Lair:5)
  6 hippogriffs
  A ynoxinul (Abyss:1)
  2 redbacks (Lair:4)
  A shadow (D:11)
  3 wyverns
  14 yaks
  2 wraiths
  A hungry ghost (D:13)
  A steam dragon (Lair:6)
  3 basilisks
  A neqoxec (Abyss:1)
  3 small abominations (Abyss:2)
  15 water moccasins
  4 hell hounds (Lair:6)
  An ice beast (D:9)
  4 porcupines
  An orc warrior (D:11)
  4 sky beasts
  An eye of draining (D:9)
  A black bear (D:10)
  A necrophage (D:11)
  3 ogres
  5 wolves
  A centaur (D:7)
  6 crocodiles
  A big kobold (D:9)
  A gnoll sergeant (D:7)
  15 bullfrogs
  A wyvern skeleton (D:10)
  A scorpion (D:9)
  3 killer bees (D:9)
  2 electric eels
  6 wights
  2 howler monkeys (D:9)
  6 crimson imps
  2 quasits
  5 hounds
  2 lava snakes (Lair:6)
  A centaur zombie (D:2)
  2 jellies (Lair:6)
  4 orc priests
  3 centaur skeletons
  10 orc wizards
  A bullfrog skeleton (D:9)
  Jessica (D:2)
  3 iguanas
  7 worker ants
  A hound skeleton (D:5)
  A howler monkey zombie (D:7)
  8 gnolls
  A howler monkey skeleton (D:9)
  13 adders
  2 shadow imps
  7 oozes
  An adder skeleton (D:7)
  3 dart slugs
  8 leopard geckos
  41 orcs
  8 bats
  10 giant cockroaches
  9 goblins
  8 hobgoblins
  19 jackals
  5 quokkas
  8 frilled lizards
  A jackal skeleton (D:4)
  14 kobolds
  A quokka skeleton (D:6)
  3 rats
368 creatures vanquished.

Vanquished Creatures (collateral kills)
  A tentacled starspawn (Abyss:1)
  Gastronok (Lair:2)
  Fannar (Lair:2)
  Harold (D:10)
  An ogre mage (D:14)
  2 hydras
  2 two-headed ogres
  Erica (D:9)
  2 thrashing horrors
  Urug (Lair:2)
  A sun demon (Abyss:1)
  An unseen horror (D:12)
  Pikel (D:9)
  2 large abominations
  An ugly thing (D:11)
  A cyclops (D:13)
  A wolf spider (Lair:4)
  A worldbinder (Abyss:2)
  Maurice (D:9)
  3 manticores
  2 centaur zombies (D:13)
  A guardian serpent (D:9)
  4 black mambas (Lair:6)
  A molten gargoyle (Lair:6)
  2 smoke demons
  3 spiny frogs
  Joseph (D:9)
  A rime drake (Lair:5)
  4 komodo dragons
  A polar bear (Lair:6)
  2 blink frogs (Lair:4)
  Grinder (D:3)
  4 dream sheep (Lair:5)
  A redback (Lair:4)
  A ynoxinul (Abyss:1)
  Sigmund (D:3)
  Eustachio (D:5)
  A basilisk (Lair:4)
  31 yaks
  A wyvern (Lair:6)
  Edmund (D:5)
  2 wargs (D:9)
  A hell hound (Lair:6)
  A water moccasin (Lair:6)
  A small abomination (Abyss:1)
  A porcupine (Lair:2)
  An ice beast (D:7)
  A phantom (D:5)
  A sky beast (D:5)
  2 orc warriors (D:9)
  3 wolves (Lair:1)
  2 centaurs
  3 crocodiles
  5 bullfrogs
  A wyvern skeleton (D:9)
  4 wights (D:6)
  A jelly (D:9)
  A lava snake (Lair:6)
  A hound (D:9)
  2 orc wizards
  2 orc priests
  A worker ant (D:9)
  A howler monkey skeleton (D:7)
  4 gnolls (D:7)
  An adder (D:7)
  A white imp (Abyss:2)
  3 orcs
  2 kobolds (D:1)
  A goblin (D:3)
141 creatures vanquished.

Vanquished Creatures (others)
  2 hydras
  A cyclops (D:13)
  A torpor snail (Lair:6)
  A molten gargoyle (Lair:6)
  A komodo dragon (Lair:6)
  A hippogriff (Lair:3)
  A hungry ghost (D:12)
  A sky beast (D:9)
  3 slaves (D:9)
  A lava snake (Lair:6)
  A hound (D:9)
  A hound zombie (D:9)
  A hound skeleton (D:9)
  A leopard gecko (D:9)
  An orc (D:9)
  A kobold (D:9)
  2 fungi
  2 plants (Lair:6)
  5 starspawn tentacles
28 creatures vanquished.

Grand Total: 537 creatures vanquished

Notes
Turn   | Place    | Note
-------+----------+-------------------------------------------
     0 | Abyss:1  | Asdor the Demonspawn Abyssal Knight began the quest for the
                  | Orb.
     0 | Abyss:1  | Reached XP level 1. HP: 18/18 MP: 2/2
     6 | Abyss:2  | Found a corrupted altar of Lugonu.
    68 | Abyss:2  | Noticed a small abomination
    76 | Abyss:2  | Noticed a worldbinder
    80 | Abyss:2  | Noticed an ironheart preserver
    80 | Abyss:2  | Noticed a yaktaur
    81 | Abyss:2  | Noticed an ancient zyme
    82 | D:1      | Escaped the Abyss
   105 | D:1      | Reached * piety under Lugonu
   117 | D:1      | Reached skill level 1 in Dodging
   157 | D:1      | Gained mutation: A weak demonic guardian rushes to your
                  | aid. [demonic ancestry]
   157 | D:1      | Reached XP level 2. HP: 7/24 MP: 3/3
   973 | D:1      | Gained mutation: A demonic guardian rushes to your aid.
                  | [demonic ancestry]
   973 | D:1      | Reached XP level 3. HP: 29/29 MP: 5/5
  1126 | D:2      | Found a shattered altar of Ashenzari.
  1334 | D:2      | Found a bloodstained altar of Trog.
  1721 | D:2      | Found a faded altar of an unknown god.
  1966 | D:2      | Noticed Jessica
  1995 | D:2      | Killed Jessica
  1995 | D:2      | Reached XP level 4. HP: 17/35 MP: 6/6
  2804 | D:3      | Found a basalt altar of Yredelemnul.
  3016 | D:3      | Reached XP level 5. HP: 23/41 MP: 7/7
  3350 | D:3      | Reached ** piety under Lugonu
  3474 | D:3      | Noticed Sigmund
  3481 | D:3      | Killed Sigmund
  3481 | D:3      | Reached skill level 5 in Polearms
  4017 | D:3      | Noticed Grinder
  4019 | D:3      | Paralysed by Grinder for 6 turns
  4025 | D:3      | Killed Grinder
  4025 | D:3      | Reached XP level 6. HP: 30/47 MP: 8/8
  5252 | D:4      | You fall into a shaft and drop 1 floor!
  5252 | D:5      | Entered Level 5 of the Dungeon
  6062 | D:4      | Gained mutation: You are surrounded by a mild repulsion
                  | field. (EV +2) [demonic ancestry]
  6062 | D:4      | Reached XP level 7. HP: 50/52 MP: 9/9
  6089 | D:5      | Noticed Eustachio
  6104 | D:5      | Killed Eustachio
  6347 | D:5      | Noticed Edmund
  6355 | D:5      | Killed Edmund
  7486 | D:5      | Found an ornate altar of the Wu Jian Council.
  7489 | D:5      | Found a snail-covered altar of Cheibriados.
  7490 | D:5      | Found a blossoming altar of Fedhas.
  8025 | D:5      | Gained mutation: You have large cloven feet. [demonic
                  | ancestry]
  8025 | D:5      | Reached XP level 8. HP: 57/58 MP: 10/10
  8626 | D:6      | Found a staircase to the Ecumenical Temple.
  8652 | D:6      | Found a bloodstained altar of Trog.
  8727 | D:6      | Found a sacrificial altar of Ru.
  8727 | D:6      | Found an opulent altar of Gozag.
  8730 | D:6      | Reached *** piety under Lugonu
  8819 | D:6      | Found a glowing drain.
  8839 | D:6      | Got a twisted whip
  8853 | Sewer    | Entered a sewer
  8858 | Sewer    | Identified the cursed +3 whip "Raisin" {vorpal, rF+++ Int-5
                  | Stlth-} (You found it on level 6 of the Dungeon)
  9703 | D:7      | Got a smelly plate armour
  9714 | D:7      | Identified the +8 plate armour of Hyettof {*Drain rPois
                  | rN+} (You found it on level 7 of the Dungeon)
 10271 | D:7      | Found a transporter.
 10272 | D:7      | Found a corrupted altar of Lugonu.
 10273 | D:7      | Noticed a cyan ugly thing
 10623 | D:7      | Found a transporter.
 10623 | D:7      | Noticed a green ugly thing
 10623 | D:7      | Noticed a purple ugly thing
 10734 | D:8      | Found a shimmering altar of Xom.
 10738 | D:8      | Found a shimmering altar of Xom.
 10738 | D:8      | Found a shimmering altar of Xom.
 10738 | D:8      | Found a shimmering altar of Xom.
 10738 | D:8      | Found a shimmering altar of Xom.
 10751 | D:8      | Reached **** piety under Lugonu
 10752 | D:8      | Found a shimmering altar of Xom.
 10871 | D:8      | Reached skill level 10 in Polearms
 10871 | D:8      | Reached XP level 9. HP: 60/65 MP: 11/11
 11107 | D:8      | Found a transporter.
 11109 | D:8      | Found a transporter.
 11111 | D:8      | Noticed a cyclops
 11112 | D:8      | Noticed a two-headed ogre
 11118 | D:8      | Noticed a red ugly thing
 11124 | D:8      | Found a transporter.
 11162 | D:8      | Found a transporter.
 11180 | D:8      | Found a transporter.
 11443 | D:9      | Found a staircase to the Lair.
 11443 | D:9      | Noticed a guardian serpent
 11448 | D:9      | Killed a guardian serpent
 11543 | D:9      | Noticed Erica
 11545 | D:9      | Reached skill level 5 in Invocations
 11561 | D:9      | Noticed Pikel
 11564 | D:9      | Killed Erica
 11575 | D:9      | Killed Pikel
 11575 | D:9      | Reached skill level 5 in Fighting
 11604 | D:9      | Noticed Joseph
 11610 | D:9      | Noticed Maurice
 11613 | D:9      | Killed Joseph
 11662 | D:9      | Reached XP level 10. HP: 36/74 MP: 14/14
 12031 | D:9      | Noticed Prince Ribbit
 12094 | D:9      | Killed Prince Ribbit
 12496 | D:9      | Reached ***** piety under Lugonu
 13048 | D:10     | Entered Level 10 of the Dungeon
 13456 | D:10     | Noticed Harold
 13467 | D:10     | Killed Harold
 13467 | D:10     | Reached skill level 5 in Armour
 13705 | D:10     | Noticed a two-headed ogre
 13711 | D:10     | Killed a two-headed ogre
 13711 | D:10     | Reached skill level 5 in Dodging
 13898 | D:10     | Got a warped ivory ring
 14102 | D:10     | Identified the ring of Qelau {+Inv rC++ rN+ Slay-3 SInv}
                  | (You found it on level 10 of the Dungeon)
 14119 | D:10     | Gained mutation: You have an increased reservoir of magic.
                  | (+10% MP) [potion of mutation]
 14119 | D:10     | Gained mutation: You are covered in fur. (AC +1) [potion of
                  | mutation]
 14851 | D:11     | Noticed a purple ugly thing
 15025 | D:11     | Killed a purple ugly thing
 15559 | D:11     | Reached XP level 11. HP: 78/83 MP: 18/18
 15607 | D:11     | Found a staircase to the Orcish Mines.
 15983 | D:12     | Noticed an unseen horror
 16003 | D:12     | Killed an unseen horror
 16346 | D:12     | Found a glowing golden altar of the Shining One.
 16439 | D:12     | Noticed a red ugly thing
 16448 | D:12     | Killed a red ugly thing
 16672 | D:12     | Found a runed translucent door.
 16673 | D:12     | Noticed an angel
 17016 | D:13     | Noticed a cyan ugly thing
 17028 | D:13     | Killed a cyan ugly thing
 17335 | D:13     | You fall into a shaft and drop 1 floor!
 17415 | D:13     | Got a transparent ring mail
 18395 | D:14     | Noticed a two-headed ogre
 18395 | D:14     | Noticed a two-headed ogre
 18400 | D:14     | Noticed an ogre mage
 18404 | D:14     | Noticed a two-headed ogre
 18410 | D:14     | Noticed a two-headed ogre
 18410 | D:14     | Noticed a two-headed ogre
 18414 | D:14     | Killed a two-headed ogre
 18418 | D:14     | Paralysed by an ogre mage for 2 turns
 18428 | D:14     | Killed an ogre mage
 18507 | D:9      | Killed Maurice
 18514 | Lair:1   | Entered Level 1 of the Lair of Beasts
 19774 | Lair:2   | Noticed Gastronok
 19784 | Lair:2   | Reached skill level 10 in Invocations
 19786 | Lair:2   | Killed Gastronok
 19786 | Lair:2   | Reached XP level 12. HP: 63/93 MP: 15/21
 19917 | Lair:2   | Identified the +4 ring mail "Eloc" {+Fly rElec Int+3
                  | Stlth-} (You found it on level 13 of the Dungeon)
 20498 | Lair:2   | Noticed Fannar
 20503 | Lair:2   | Noticed a six-headed hydra
 20519 | Lair:2   | Killed a six-headed hydra
 20526 | Lair:2   | Killed Fannar
 20797 | Lair:2   | Noticed Urug
 20805 | Lair:2   | Killed Urug
 21294 | Lair:2   | Found a staircase to the Shoals.
 21679 | Lair:3   | Noticed a four-headed hydra
 21688 | Lair:3   | Killed a five-headed hydra
 23568 | Lair:4   | Found a hole to the Spider Nest.
 24153 | Lair:5   | Noticed an eight-headed hydra
 24159 | Lair:5   | Banished an eight-headed hydra
 24159 | Lair:5   | Reached XP level 13. HP: 91/101 MP: 20/23
 24811 | Lair:6   | Entered Level 6 of the Lair of Beasts
 25448 | Lair:6   | Found a staircase to the Slime Pits.
 26492 | Lair:6   | Noticed Rupert
 27194 | Lair:6   | Found a large runed translucent door.
 27272 | Lair:6   | Found a large runed translucent door.
 27429 | Lair:6   | Noticed a fire dragon
 27632 | Lair:6   | Reached skill level 10 in Fighting
 28611 | Orc:1    | Entered Level 1 of the Orcish Mines
 28642 | Orc:1    | Noticed Sonja
 28646 | Orc:1    | Cast into level 1 of the Abyss (Sonja)
 28735 | Abyss:1  | Noticed a tentacled starspawn
 28761 | Abyss:1  | Killed a tentacled starspawn
 29027 | Abyss:2  | Noticed a tentacled starspawn
 29041 | Abyss:2  | Found a corrupted altar of Lugonu.
 29042 | Abyss:2  | Noticed a starcursed mass
 29045 | Abyss:2  | Found a corrupted altar of Lugonu.
 29067 | Abyss:2  | Noticed a starcursed mass
 29315 | Abyss:2  | Paralysed by accursed screaming for 1 turns
 29369 | Abyss:2  | Found a radiant altar of Vehumet.
 29481 | Abyss:2  | Slain by a spatial maelstrom

Illustrated notes

Levels and vault maps discovered:
D:1:      dpeg_arrival_pits, layout_rooms
D:2:      layout_basic, evilmike_ruin_ashenzari,
          chequers_ecumenical_altar_simple_redux, serial_co_window_serial,
          co_window_of_opportunity_a, co_window_corner_a, co_window_paths_a,
          co_window_paths_a, co_window_corner_a, co_window_of_opportunity_a,
          co_window_corner_a, co_window_of_opportunity_c, co_window_corner_b,
          co_window_paths_c, co_window_corner_b, co_window_paths_c,
          co_window_paths_d, glass_columns_c, minmay_misc_feat_nine_boxes,
          lemuel_statue_altar, uniq_jessica
D:3:      layout_basic, yredelemnul_altar_generic, first_ration, uniq_grinder,
          uniq_sigmund
D:4:      layout_basic
D:5:      layout_cave_pods, minitemple, uniq_eustachio, uniq_edmund
D:6:      layout_basic, overflow_temple_1_default,
          chequers_temple_overflow_statue_of_worship, minmay_temple_entry_ruins,
          gup_sewer_entry_glass
D:7:      gammafunk_corrupted_shrine, layout_basic
D:8:      gammafunk_the_bubble [the_bubble_gammafunk_roulette], layout_basic,
          xom_redecorated
D:9:      layout_loops_ring, erik_lair_orcish_takeover,
          nrook_guardian_serpent_ordinary, uniq_pikel, uniq_erica,
          uniq_prince_ribbit1, uniq_maurice, uniq_joseph
D:10:     layout_stronghold, grunt_ogre_cave, uniq_harold
D:11:     layout_rooms, orc_0_dummy
D:12:     layout_gridville, lemuel_angel_altar
D:13:     layout_basic
D:14:     layout_loops_corners, lightli_vaults_fourway_checkpoint,
          hangedman_abyss_or_decor_stabs, serial_park_tiny_pond, st_stairs_7,
          chequers_serial_rivers_marsh
Lair:1:   layout_cave_pods
Lair:2:   layout_hall_layers, minmay_shoals_entry_beasts, uniq_fannar,
          uniq_gastronok, uniq_urug
Lair:3:   layout_roguey, lemuel_another_geyser
Lair:4:   layout_regular_city, spider_nest_entry_funnel_web
Lair:5:   layout_misc_corridors, grunt_megastairs_3, lemuel_fruit_tree,
          lemuel_fruit_fields
Lair:6:   cheibrodos_lair_end_hotspot, layout_gridlike,
          nicolae_slime_entry_slimehenge, uniq_rupert
Orc:1:    layout_diamond_mine, uniq_jorgrun, uniq_sonja
Abyss:2:  base:
D:7

Skill      XL: |  1  2  3  4  5  6  7  8  9 10 11 12 13 |
---------------+----------------------------------------+-----
Dodging        | 1 2 4 5 7 8 9 |  9.1
Polearms       | 2 3 4 5 6 8 10 11 12 | 12.9
Armour         | 2 4 5 7 8 9 |  9.3
Invocations    | 3 6 8 10 11 12 | 12.7
Fighting       | 5 6 8 9 10 | 10.3
Stealth        | |  0.2

Action                   |  1- 3 |  4- 6 |  7- 9 | 10-12 | 13-15 || total
-------------------------+-------+-------+-------+-------+-------++-------
Melee: Spear             |   137 |    68 |       |       |       ||   205
       Scythe            |       |    86 |   356 |   862 |   340 ||  1644
       Kick              |       |       |    48 |   206 |   101 ||   355
Throw: Throwing net      |       |       |       |     2 |     6 ||     8
Invok: Depart the Abyss  |     1 |       |       |       |       ||     1
       Banish            |       |       |       |     4 |     7 ||    11
       Bend Space        |       |       |       |       |     2 ||     2
Evoke: Phantom mirror    |     1 |       |       |       |       ||     1
       Wand              |     1 |       |     2 |     1 |       ||     4
  Use: Potion            |     4 |       |     6 |     3 |     5 ||    18
       Scroll            |     2 |     5 |     9 |    14 |    12 ||    42
 Stab: Sleeping          |       |     2 |       |       |       ||     2
       Distracted        |       |       |     1 |     4 |     3 ||     8
  Eat: Chunk             |     3 |     9 |    16 |    24 |     1 ||    53
       Ration            |     1 |       |     1 |     8 |     5 ||    15
Armor: Leather armour    |    27 |    44 |   103 |       |       ||   174
       Plate armour      |       |       |   198 |  1001 |   479 ||  1678
Dodge: Dodged            |    74 |   110 |   244 |   657 |   365 ||  1450
